 Dungeon Crawl Stone Soup version bcrawl-1.40.3b (webtiles) character file.

Game seed: 2660270245304050670

240114 PlayerOfArmor the Fighter (level 8, -19/67 HPs)
             Began as a Hill Orc Fighter on Mar 20, 2024.
             Demolished by an ogre
             ... wielding a +0 giant spiked club
              (25 damage)
             ... on level 7 of the Dungeon.
             The game lasted 00:07:00 (4450 turns).

PlayerOfArmor the Fighter (Hill Orc Fighter)        Turns: 4450, Time: 00:07:01

Health: -19/67     AC:  8    Str: 21    XL:     8   Next: 27%
Magic:  8/8        EV:  5    Int:  8    God:
Gold:   321        SH: 11    Dex: 10    Spells: 7/7 levels left

rFire    . . .     GDR:     25% t - +0 long sword
rCold    + . .     SeeInvis .   c - +0 medium shield
rNeg     . . .     Gourm    .   b - +0 scale mail
rPois    .         Faith    .   (no helmet)
rElec    .         Spirit   .   (no cloak)
rCorr    .         Reflect  .   m - +0 pair of gloves
MR       +....     Rnd*Rage +   (no boots)
Stlth    ..........             (no amulet)
HPRegen  0.21/turn              (no ring)
MPRegen  0.11/turn              (no ring)

@: no status effects
A: berserk 1, cold resistance 1, frail 1, magic resistance 1
a: no special abilities


You were on level 7 of the Dungeon.
You were hungry.

You visited 1 branch of the dungeon, and saw 7 of its levels.

You collected 321 gold pieces.

Inventory:

Hand Weapons
 t - a +0 long sword (weapon)
Missiles
 w - 2 throwing nets {=f}
Armour
 b - a +0 scale mail (worn)
 c - a +0 medium shield (worn)
 m - a +0 pair of gloves (worn)
Wands
 e - a wand of scattershot (6)
 u - a wand of polymorph (10)
Scrolls
 a - 2 scrolls of fear {unknown}
 g - 3 scrolls of teleportation {unknown}
 i - 7 scrolls of identify
 j - 4 scrolls of remove curse {unknown}
 k - 3 scrolls of enchant weapon {unknown}
 l - 2 scrolls of noise {unknown}
 q - 2 scrolls of amnesia {unknown}
 y - a scroll of enchant armour {unknown}
Potions
 d - a potion of might
 f - 3 potions of mutation
 h - a potion of ambrosia {unknown}
 n - a potion of berserk rage {unknown}
 o - a potion of invisibility {unknown}
 r - a potion of brilliance {unknown}
 s - a potion of magic {unknown}
 x - a potion of flight {unknown}
Comestibles
 p - 8 rations {!d}


   Skills:
 + Level 8.6 Fighting
   Level 8.6 Short Blades
   Level 8.6 Long Blades
   Level 8.6 Axes
   Level 8.6 Maces & Flails
   Level 8.6 Polearms
   Level 8.6 Staves
 - Level 3.2 Armour
 - Level 3.2 Shields
   Level 8.6 Unarmed Combat


You had 7 spell levels left.
You didn't know any spells.
Your spell library contained the following spells:

 Spells                   Type           Power        Failure   Level  Hunger
 Beastly Appendage        Tmut           #.....       100%        1    None
 Magic Dart               Conj           #...         100%        1    None
 Passwall                 Tmut/Erth      #.......     100%        2    ####...
 Searing Ray              Conj           #.......     100%        2    ####...
 Sticks to Snakes         Tmut           #.......     100%        2    ####...
 Iskenderun's Mystic Bla  Conj           #.......     100%        3    #####..
 Spider Form              Tmut/Pois      #..          100%        3    #####..
 Fulminant Prism          Conj/Hex       #.........   100%        4    ######.
 Ice Form                 Ice/Tmut       #.......     100%        4    ######.
 Blade Hands              Tmut           #.........   100%        5    #######
 Irradiate                Conj/Tmut      #.........   100%        5    #######


Dungeon Overview and Level Annotations

Branches:
Dungeon (7/12)
 Temple: D:4-7         Lair: D:7-9

Altars:
Dithmenos
Gozag
Qazlal
Sif Muna
Uskayaw
Vehumet

Shops:
D:4 =

Annotations:
D:3 1 runed translucent door, ChaosIsEpic's ghost, weakling HOBe
D:4 exclusion: statue


Innate Abilities, Weirdness & Mutations

You tend to lose your temper in combat.
Your flesh is cold resistant. (rC+)
You are frail. (-10% HP)
You are resistant to hostile enchantments. (MR+)


Message History

* * * LOW HITPOINT WARNING * * *
There is a stone staircase leading down here.
The ogre hits you with a +0 giant spiked club!
* * * LOW HITPOINT WARNING * * *
You climb downwards.
A rune on the stairs sparks and fizzles.
There is a stone staircase leading up here.
It was a potion of mutation.
You feel extremely strange.
You feel resistant to hostile enchantments.
You feel frail.
You feel a little pissed off.
You feel resistant to cold.
You hit the ogre.
The ogre is severely wounded.
The ogre barely misses you.
You hit the ogre but do no damage.
The ogre is severely wounded.
You block the ogre's attack.
You hit the ogre.
The ogre is severely wounded.
The ogre hits you with a +0 giant spiked club!!
You die...

### ###
......
#.#.#
#.#...#
#...O@#
#.#####


You could see an ogre.

Vanquished Creatures
  A hungry ghost (D:5)
  A phantom (D:4)
  An ogre (D:3)
  A kobold brigand (D:3)
  A wyvern zombie (D:5)
  2 howler monkeys
  3 orc priests
  2 hounds
  An iguana (D:5)
  5 orc wizards
  3 worker ants
  5 adders
  2 shadow imps
  An ooze (D:3)
  An adder zombie (D:6)
  An adder skeleton (D:5)
  2 worms
  2 dart slugs
  3 leopard geckos
  13 orcs
  2 ball pythons
  2 bats (D:1)
  4 giant cockroaches
  5 goblins
  6 hobgoblins
  10 jackals (D:3)
  3 quokkas
  3 frilled lizards
  7 kobolds
  8 rats
101 creatures vanquished.

Vanquished Creatures (others)
  2 withered plants (D:3)
2 creatures vanquished.

Grand Total: 103 creatures vanquished

Notes
Turn   | Place    | Note
-------+----------+-------------------------------------------
     0 | D:1      | PlayerOfArmor the Hill Orc Fighter began the quest for the
                  | Orb.
     0 | D:1      | Reached XP level 1. HP: 19/19 MP: 1/1
   228 | D:1      | Reached XP level 2. HP: 26/26 MP: 2/2
  1026 | D:2      | Reached XP level 3. HP: 32/33 MP: 3/3
  1109 | D:2      | Reached skill level 4 in Fighting
  1638 | D:3      | Reached XP level 4. HP: 40/41 MP: 4/4
  1666 | D:3      | Noticed a kobold brigand
  1675 | D:3      | Killed a kobold brigand
  1676 | D:3      | Reached skill level 5 in Fighting
  1676 | D:3      | Reached XP level 5. HP: 43/48 MP: 5/5
  2115 | D:3      | Found a runed translucent door.
  2122 | D:3      | Noticed ChaosIsEpic's ghost (weakling HOBe)
  2409 | D:3      | Noticed an ogre
  2415 | D:3      | Killed an ogre
  2416 | D:3      | Reached XP level 6. HP: 33/57 MP: 6/6
  2637 | D:3      | Reached skill level 6 in Fighting
  2833 | D:4      | Got a slimy mace
  2834 | D:4      | Identified the cursed +1 mace of the Gloaming {pain, Str+2
                  | Int+4 SInv} (You found it on level 4 of the Dungeon)
  2898 | D:4      | Found a radiant altar of Vehumet.
  2913 | D:4      | Found Didiqiklo's Jewellery Boutique.
  2921 | D:4      | Noticed a phantom
  2967 | D:4      | Reached XP level 7. HP: 49/64 MP: 7/7
  2988 | D:4      | Reached skill level 7 in Fighting
  3214 | D:4      | Found a hide-covered altar of Uskayaw.
  3240 | D:4      | Found an opulent altar of Gozag.
  3240 | D:4      | Found a stormy altar of Qazlal.
  3470 | D:5      | Entered Level 5 of the Dungeon
  3553 | D:5      | Noticed a hungry ghost
  3593 | D:5      | Killed a hungry ghost
  3594 | D:5      | Reached skill level 8 in Fighting
  3594 | D:5      | Reached XP level 8. HP: 54/74 MP: 8/8
  3976 | D:5      | Found a shadowy altar of Dithmenos.
  4248 | D:5      | Found a shimmering blue altar of Sif Muna.
  4447 | D:7      | Gained mutation: You are resistant to hostile enchantments.
                  | (MR+) [potion of mutation]
  4447 | D:7      | Gained mutation: You are frail. (-10% HP) [potion of
                  | mutation]
  4447 | D:7      | Gained mutation: You tend to lose your temper in combat.
                  | [potion of mutation]
  4447 | D:7      | Gained mutation: Your flesh is cold resistant. (rC+)
                  | [potion of mutation]
  4450 | D:7      | Demolished by an ogre

Skill      XL: |  1  2  3  4  5  6  7 |
---------------+----------------------+-----
Fighting       | 4 5 6 8 |  8.6
Short Blades   | |  8.6
Long Blades    | |  8.6
Axes           | |  8.6
Maces & Flails | |  8.6
Polearms       | |  8.6
Staves         | |  8.6
Armour         | |  3.2
Shields        | |  3.2
Unarmed Combat | |  8.6

Action                   |  1- 3 |  4- 6 |  7- 9 || total
-------------------------+-------+-------+-------++-------
Melee: War axe           |   125 |     8 |       ||   133
       Long sword        |       |   191 |   171 ||   362
  Use: Scroll            |       |     1 |       ||     1
       Potion            |       |       |     1 ||     1
  Eat: Chunk             |     7 |    10 |     9 ||    26
       Ration            |       |       |     1 ||     1
Armor: Scale mail        |    71 |   118 |    63 ||   252
Dodge: Dodged            |    20 |    46 |    36 ||   102
Block: Medium shield     |    81 |   113 |    84 ||   278
